Map: Automaton LE

Players

BounD - Winner!

  • Race: Protoss Protoss
  • League: Master
  • Spawn Location: 9:00

Enterprise

  • Race: Zerg Zerg
  • League: Master
  • Spawn Location: 3:00

VOD

Have the link to the VOD?

Description

Time

  • Played on: April 6, 2019, 3:37 p.m.
  • Length: 28:32
Show
View Real Time Build Order
Export as new Build Order

BounD Protoss - Winner!

Build Orders: 1 Gate Expand, Carriers 

Get SALT Encoding   

  12  0:00  Probe  
  13  0:13  Probe  
  14  0:19  Pylon  
  14  0:24  Probe  
  15  0:33  Probe  
  15  0:39  Gateway  
  15  0:41  Probe  
  16  0:49  Assimilator  
  17  0:52  Probe  
  18  1:05  Probe  
  19  1:17  Probe  
  20  1:26  Cybernetics Core  
  20  1:37  Nexus  
  20  1:45  Pylon  
  20  1:47  Assimilator  
  20  1:50  Probe  
  20  1:54  Adept  
  21  2:02  Probe  
  21  2:04  Warp Gate  
  24  2:14  Probe, Adept  
  25  2:29  Probe  
  28  2:33  Robotics Facility  
  28  2:41  Probe  
  28  2:43  Stalker  
  31  2:51  Probe  
  31  2:53  Probe  
  31  2:57  Gateway  
  33  3:02  Probe  
  33  3:03  Probe  
  35  3:11  Probe  
  35  3:15  Probe  
  37  3:21  Probe  
  37  3:26  Warp Prism  
  38  3:35  Probe x2  
  38  3:40  Pylon  
  42  3:41  Assimilator  
  42  3:47  Probe x2  
  44  3:59  Probe x2  
  44  4:00  Adept  
  44  4:01  Adept  
  48  4:10  Probe  
  48  4:11  Probe  
  48  4:15  Observer  
  51  4:18  Probe  
  51  4:21  Assimilator  
  51  4:23  Pylon, Adept  
  54  4:33  Pylon  
  54  4:37  Forge  
  54  4:41  Probe x2, Adept  
  58  4:53  Probe x2  
  60  5:04  Immortal, Protoss Ground Weapons Level 1  
  60  5:05  Probe x2  
  62  5:17  Probe x2  
  62  5:20  Sentry  
  70  5:21  Observer  
  70  5:25  Pylon  
  70  5:26  Pylon  
  70  5:28  Nexus, Pylon  
  70  5:31  Pylon  
  70  5:35  Pylon  
  70  5:43  Probe  
  70  5:47  Immortal  
  75  5:51  Gateway  
  75  5:53  Gateway  
  75  5:58  Gateway  
  75  6:01  Gateway  
  75  6:05  Probe, Shield Battery  
  75  6:07  Shield Battery  
  76  6:12  Probe  
  76  6:16  Immortal  
  77  6:20  Sentry  
  77  6:21  Sentry  
  81  6:26  Probe  
  81  6:27  Probe  
  87  6:39  Probe  
  88  6:42  Probe  
  88  6:43  Probe  
  90  6:48  Twilight Council  
  90  6:51  Probe  
  91  6:54  Sentry x3  
  91  6:55  Sentry x2, Probe  
  102  7:04  Immortal  
  102  7:05  Probe  
  107  7:08  Pylon  
  107  7:10  Pylon  
  107  7:11  Pylon  
  107  7:14  Assimilator  
  107  7:16  Charge  
  107  7:18  Assimilator  
  107  7:21  Protoss Ground Weapons Level 2  
  107  7:29  Templar Archives  
  107  7:34  Immortal, Probe x2  
  107  7:35  Probe  
  114  7:46  Robotics Facility  
  114  7:52  Probe x2  
  114  7:55  Dark Shrine  
  114  7:56  Photon Cannon  
  116  7:58  Photon Cannon  
  116  8:00  Photon Cannon  
  116  8:02  Stargate  
  116  8:04  Immortal  
  116  8:06  Probe x2  
  118  8:18  Observer  
  122  8:20  Photon Cannon  
  122  8:23  Pylon  
  121  8:31  Nexus  
  121  8:34  Pylon  
  121  8:35  Immortal  
  121  8:37  Pylon  
  121  8:38  Psionic Storm  
  125  8:43  Zealot x4  
  125  8:44  Immortal  
  137  8:53  High Templar x2  
  141  9:15  Pylon  
  141  9:16  High Templar x3  
  147  9:17  Zealot  
  147  9:23  Photon Cannon  
  149  9:25  Photon Cannon  
  149  9:26  Shield Battery  
  149  9:28  Shield Battery  
  149  9:30  Pylon  
  149  9:32  Dark Templar x2  
  149  9:37  Immortal x2  
  149  9:38  Photon Cannon  
  153  9:41  Photon Cannon  
  161  9:54  Zealot x2  
  161  9:58  Protoss Ground Weapons Level 3  
  163  10:10  Probe x2  
  163  10:11  Assimilator  
  163  10:12  Warp Prism x2  
  161  10:16  Assimilator  
  161  10:35  Nexus  
  161  10:37  Pylon  
  161  10:41  Fleet Beacon  
  161  10:43  Stargate  
  161  10:44  Pylon  
  161  10:45  Stargate  
  161  10:51  Pylon  
  161  11:14  Cybernetics Core, Protoss Air Weapons Level 1  
  161  11:15  Shadow Stride  
  160  11:19  Observer x2  
  160  11:25  Robotics Bay  
  162  11:42  Observer x2  
  162  11:43  Zealot x5  
  162  11:44  Zealot  
  176  11:49  Carrier x3  
  176  11:52  Photon Cannon  
  176  11:54  Photon Cannon  
  176  12:01  Pylon  
  194  12:05  Photon Cannon  
  194  12:07  Photon Cannon  
  188  12:10  Pylon  
  188  12:13  Photon Cannon  
  188  12:15  Photon Cannon  
  182  12:16  Photon Cannon  
  182  12:18  Shield Battery  
  182  12:30  Zealot x5  
  182  12:31  Zealot  
  192  12:44  Carrier x2  
  183  13:07  Zealot x5  
  158  13:23  Observer x2  
  158  13:26  Carrier  
  144  13:30  Probe x3  
  144  13:31  Probe  
  144  13:33  Assimilator  
  148  13:37  Assimilator  
  137  13:44  Observer  
  128  13:49  Carrier  
  134  14:04  Observer  
  134  14:08  Nexus  
  133  14:32  Observer  
  133  14:33  Observer  
  135  14:39  Nexus  
  135  14:40  Probe  
  135  14:41  Probe x2  
  138  14:46  High Templar x2, Pylon  
  138  14:47  High Templar x2  
  138  14:51  Archon  
  138  14:52  Archon  
  146  14:53  Probe  
  121  15:25  Probe x3  
  121  15:28  Assimilator  
  124  15:33  Colossus x2  
  136  15:40  Probe x2  
  138  15:43  Probe x2  
  140  15:52  High Templar x5, Probe  
  151  16:00  Probe x3  
  151  16:01  Probe  
  151  16:03  Pylon  
  155  16:05  Archon x2  
  155  16:09  Pylon  
  155  16:17  Probe x3  
  158  16:21  Assimilator  
  158  16:24  Carrier  
  158  16:25  Dark Templar x4, Assimilator  
  172  16:43  High Templar  
  172  16:45  Protoss Air Weapons Level 2  
  172  16:54  Protoss Air Armor Level 1  
  172  16:57  Shield Battery  
  172  16:58  Shield Battery  
  172  17:00  Shield Battery  
  172  17:02  Pylon  
  172  17:03  Dark Templar x2  
  172  17:04  Pylon  
  176  17:19  Extended Thermal Lance  
  176  17:20  Pylon  
  176  17:27  Gateway  
  176  17:30  Gateway  
  176  17:34  Gateway  
  176  17:36  Protoss Ground Armor Level 1  
  175  17:38  Zealot x2, Gateway  
  175  17:39  Zealot x3  
  175  17:43  Gateway  
  179  18:08  Dark Templar x2  
  179  18:26  Photon Cannon  
  179  18:28  Photon Cannon  
  179  18:31  Zealot x3  
  179  18:32  Zealot x3  
  179  18:33  Photon Cannon  
  191  18:35  Photon Cannon  
  191  18:37  Shield Battery  
  191  18:38  Photon Cannon, Shield Battery  
  191  18:40  Photon Cannon  
  191  18:41  Shield Battery  
  190  18:42  Photon Cannon  
  190  18:43  Photon Cannon, Carrier  
  190  18:45  Photon Cannon  
  190  18:48  Pylon  
  194  18:50  Pylon  
  182  19:08  Zealot  
  182  19:09  Zealot x7  
  188  19:24  Carrier  
  176  19:41  Carrier  
  176  19:45  Zealot x2  
  183  20:22  Nexus  
  145  20:38  Protoss Air Weapons Level 3  
  145  20:41  Carrier  
  124  20:45  Protoss Air Armor Level 2  
  118  20:55  Zealot x3  
  118  20:56  Zealot x3  
  122  21:04  Archon x3  
  122  21:13  Zealot x4  
  118  21:24  High Templar x2  
  118  21:25  High Templar x4  
  130  21:36  Carrier x2  
  142  21:47  Zealot x4  
  150  22:00  Pylon  
  150  22:06  Zealot  
  150  22:07  Zealot x5  
  160  22:17  Observer x2  
  158  22:34  Carrier  
  158  22:35  Zealot x6  
  170  22:47  Zealot x2  
  170  22:48  Zealot x2  
  178  22:59  Assimilator  
  178  23:05  Assimilator  
  178  23:07  Observer x2  
  178  23:09  Photon Cannon  
  178  23:11  Photon Cannon  
  178  23:12  Shield Battery  
  156  23:32  Carrier x3  
  150  23:45  Zealot  
  150  23:46  Zealot x4  
  150  23:57  Immortal  
  150  23:59  Immortal  
  156  24:05  High Templar x5  
  164  24:17  Archon x2  
  160  24:21  Zealot x5  
  168  24:30  Protoss Air Armor Level 3  
  168  24:38  Dark Templar  
  170  24:39  Dark Templar  
  170  24:41  Dark Templar  
  174  24:45  Dark Templar  
  176  24:55  Carrier  
  174  25:29  Carrier  
  174  25:30  Carrier  
  182  25:52  Protoss Ground Armor Level 2  
  182  25:55  Zealot x4  
  182  25:56  Zealot x6  
  198  26:17  Dark Templar  
  192  26:31  Observer  
  192  26:32  Observer  
  170  26:46  Zealot x7  
  170  26:47  Zealot x2  
  178  26:48  Gravitic Boosters  
  178  26:53  Observer  
  178  26:54  Pylon  
  173  26:56  Observer  
  173  26:59  High Templar  
  172  27:07  Nexus  
  170  27:10  Pylon  
  161  27:46  Zealot x7  
  161  27:47  Zealot  
  169  28:04  Observer x2  
  165  28:29  Zealot x6  
Show
View Real Time Build Order
Export as new Build Order

Enterprise Zerg 

Build Orders: Hatch First, Lurkers 

Get SALT Encoding   

  12  0:00  Drone  
  13  0:13  Overlord  
  13  0:18  Drone  
  14  0:31  Drone x2  
  14  0:35  Drone  
  17  0:55  Hatchery  
  16  0:57  Drone  
  16  1:02  Drone  
  18  1:12  Extractor  
  18  1:18  Spawning Pool  
  16  1:21  Drone  
  16  1:23  Drone  
  18  1:31  Drone  
  19  1:42  Drone  
  20  1:55  Hatchery  
  19  2:06  Queen  
  21  2:13  Zergling x2  
  21  2:14  Zergling x2  
  23  2:20  Drone  
  23  2:21  Drone x2  
  26  2:29  Overlord  
  26  2:32  Metabolic Boost  
  26  2:38  Drone  
  26  2:39  Drone  
  28  2:49  Queen  
  30  2:53  Queen  
  30  2:57  Drone  
  33  2:59  Drone  
  33  3:04  Drone  
  33  3:05  Drone  
  36  3:19  Zergling x4  
  36  3:37  Drone x6  
  36  3:39  Overlord  
  41  3:57  Queen  
  43  4:07  Extractor, Drone x6  
  48  4:14  Roach Warren  
  48  4:16  Overlord  
  47  4:17  Drone x2  
  48  4:27  Overlord  
  48  4:32  Drone  
  48  4:33  Overlord  
  48  4:36  Drone x3  
  48  4:37  Drone  
  53  4:40  Extractor  
  53  4:45  Drone x5  
  57  4:56  Zergling x8  
  57  4:58  Zergling x2  
  57  4:59  Zergling x2  
  60  5:19  Drone  
  60  5:20  Lair  
  61  5:27  Drone  
  61  5:28  Drone x5  
  67  5:32  Overlord  
  67  5:46  Queen  
  67  5:47  Overlord x2  
  69  5:50  Overlord  
  69  5:58  Evolution Chamber  
  69  6:00  Evolution Chamber  
  67  6:04  Drone x3  
  67  6:07  Drone x3  
  67  6:08  Roach x4  
  81  6:20  Drone x3  
  81  6:21  Glial Reconstitution, Hydralisk Den  
  83  6:29  Zerg Missile Weapons Level 1, Zerg Ground Armor Level 1  
  83  6:33  Drone x7  
  88  6:46  Spore Crawler  
  87  6:49  Extractor, Drone  
  87  6:50  Drone x7  
  94  6:59  Overlord  
  94  7:03  Extractor  
  94  7:04  Extractor  
  94  7:06  Grooved Spines  
  92  7:16  Hydralisk x3  
  98  7:29  Overlord x2  
  98  7:35  Lurker Den  
  97  7:37  Drone  
  97  7:43  Overlord  
  97  7:44  Hydralisk x4, Overlord  
  98  7:50  Hatchery  
  104  7:52  Pneumatized Carapace  
  104  8:07  Hydralisk  
  104  8:08  Hydralisk x8, Spore Crawler  
  104  8:09  Overlord  
  104  8:12  Spore Crawler  
  120  8:15  Drone x2  
  120  8:16  Drone x2  
  120  8:17  Overlord  
  120  8:18  Muscular Augments, Overlord x2  
  124  8:26  Overlord  
  124  8:33  Hydralisk  
  124  8:34  Hydralisk x2  
  130  8:42  Overlord  
  130  8:43  Spine Crawler  
  130  8:44  Zerg Ground Armor Level 2, Zerg Missile Weapons Level 2  
  129  8:59  Hatchery  
  129  9:02  Hydralisk  
  128  9:03  Hydralisk x5  
  137  9:17  Overseer  
  137  9:28  Lurker x3  
  137  9:30  Lurker, Extractor  
  137  9:31  Extractor  
  139  9:40  Hydralisk, Overlord  
  139  9:41  Hydralisk x4  
  139  9:42  Zergling x2  
  139  9:43  Zergling x2, Drone  
  139  9:44  Drone x3  
  145  10:09  Overseer  
  145  10:10  Overlord  
  145  10:13  Hydralisk x5  
  154  10:14  Overlord  
  154  10:18  Queen  
  154  10:19  Queen  
  154  10:34  Drone x7  
  154  10:35  Drone  
  162  10:38  Lurker  
  162  10:39  Lurker x4  
  167  10:52  Drone x3  
  167  10:53  Infestation Pit, Overlord  
  169  11:04  Hydralisk x3  
  169  11:05  Hydralisk x7  
  189  11:20  Hydralisk x4, Overlord  
  189  11:25  Spire  
  196  11:51  Overlord  
  196  11:52  Overlord  
  196  12:00  Overlord  
  192  12:09  Overlord  
  190  12:17  Overlord  
  190  12:18  Spore Crawler, Spine Crawler, Baneling Nest  
  190  12:19  Spore Crawler  
  190  12:20  Spore Crawler  
  190  12:21  Spine Crawler  
  184  12:24  Overlord x2  
  184  12:34  Overlord  
  184  12:42  Lurker x4  
  184  12:43  Lurker  
  178  12:58  Overseer  
  178  13:12  Overlord x2  
  178  13:14  Hive  
  178  13:17  Hydralisk x7  
  178  13:18  Hydralisk x9  
  176  13:26  Hydralisk x3  
  176  13:36  Overlord  
  176  13:37  Corruptor x4  
  176  13:52  Corruptor  
  176  13:53  Corruptor x4  
  155  14:09  Corruptor x3  
  155  14:18  Zerg Flyer Armor Level 1  
  155  14:21  Corruptor, Drone x3  
  157  14:35  Corruptor x3  
  163  14:48  Adaptive Talons  
  143  15:18  Hydralisk  
  143  15:19  Hydralisk x4, Corruptor  
  143  15:20  Corruptor x5  
  125  15:40  Drone x2  
  125  15:41  Hydralisk, Drone x2  
  125  15:42  Hydralisk x4  
  139  15:52  Viper x3  
  139  15:55  Lurker  
  149  15:58  Drone x4  
  149  15:59  Drone x2  
  155  16:16  Hatchery  
  155  16:18  Drone x3  
  157  16:35  Corruptor  
  157  16:36  Corruptor x5  
  157  16:39  Drone x3  
  172  16:44  Lurker x2  
  174  16:48  Spore Crawler  
  174  16:50  Spore Crawler  
  174  16:51  Overseer x2  
  172  17:03  Spore Crawler  
  172  17:04  Spine Crawler  
  172  17:05  Corruptor  
  172  17:06  Corruptor x3  
  178  17:11  Drone  
  178  17:12  Hatchery  
  178  17:36  Hydralisk x11  
  197  17:51  Drone x3  
  199  17:52  Queen  
  198  18:02  Corruptor  
  198  18:03  Corruptor  
  195  18:34  Corruptor x2  
  156  18:58  Hydralisk  
  156  18:59  Corruptor x4  
  156  19:01  Roach  
  156  19:02  Roach x4, Corruptor x6  
  172  19:36  Hydralisk  
  142  19:40  Hydralisk  
  142  19:41  Hydralisk x5  
  142  19:42  Corruptor x3  
  142  19:43  Hydralisk x2  
  162  19:57  Zerg Missile Weapons Level 3  
  162  20:06  Drone  
  162  20:07  Drone x12  
  171  20:26  Spore Crawler  
  171  20:28  Spore Crawler  
  152  20:37  Spore Crawler, Hydralisk, Extractor  
  152  20:38  Hydralisk x5  
  152  20:39  Spore Crawler  
  149  20:43  Hydralisk x2  
  149  20:44  Hydralisk x2  
  149  20:47  Extractor  
  154  20:51  Zergling x2  
  154  20:52  Zergling x4  
  154  20:56  Zergling x18  
  152  21:05  Lurker x2  
  140  21:20  Hydralisk x4  
  140  21:25  Roach x9  
  156  21:26  Roach  
  156  21:28  Queen  
  156  21:29  Overlord  
  160  21:49  Lurker x2  
  162  22:10  Extractor  
  162  22:11  Spine Crawler  
  162  22:12  Spine Crawler  
  162  22:13  Spore Crawler, Extractor  
  155  22:17  Hydralisk x7  
  157  22:45  Drone x4  
  161  22:53  Drone x2  
  161  22:55  Spore Crawler x5  
  161  22:57  Zerg Ground Armor Level 3, Spine Crawler x2  
  161  22:58  Spore Crawler, Spine Crawler x2  
  154  22:59  Roach x2  
  154  23:01  Hydralisk  
  154  23:02  Hydralisk x2  
  158  23:19  Hydralisk x4  
  140  23:32  Roach x4  
  132  23:36  Hydralisk  
  120  23:49  Hydralisk x3  
  124  24:10  Hydralisk x5  
  128  24:20  Drone x3  
  131  24:24  Overseer  
  131  24:28  Hatchery x2  
  131  24:31  Spore Crawler x2, Spine Crawler  
  127  24:33  Spore Crawler  
  127  24:37  Corruptor  
  127  24:46  Roach  
  127  24:47  Roach x5, Spine Crawler  
  136  25:04  Lurker  
  137  25:19  Roach  
  137  25:20  Roach x6  
  151  25:21  Zergling x2  
  151  25:22  Zergling x28  
  164  25:32  Queen  
  164  25:36  Overseer  
  164  25:39  Spine Crawler  
  164  25:40  Spore Crawler, Spine Crawler  
  159  25:52  Spire  
  158  26:11  Drone  
  158  26:12  Drone x3  
  155  26:39  Hydralisk  
  150  26:40  Hydralisk x5  
  150  26:42  Hatchery  
  160  26:48  Overlord  
  160  26:59  Lurker x2  
  162  27:01  Zergling x2  
  162  27:02  Zergling x18  
  172  27:12  Drone  
  172  27:13  Spore Crawler, Drone x3  
  172  27:14  Spore Crawler  
  172  27:15  Spine Crawler  
  173  27:16  Spore Crawler  
  173  27:18  Spine Crawler  
  171  27:30  Hatchery, Spine Crawler x2  
  171  27:31  Spore Crawler  
  171  27:32  Spore Crawler, Spine Crawler  
  171  27:33  Corruptor  
  171  27:34  Corruptor x2  
  166  27:44  Hydralisk  
  130  27:56  Hydralisk  
  110  28:06  Hydralisk  
  94  28:15  Lurker  
Tags
 
Add a new tag
Caveats
  • Supply blocks, unpowered buildings, or Contaminate may cause inaccurate times.
  • Supply counts are checked every 10 seconds.